 Dungeon Crawl Stone Soup version 0.21.1-1-g345015fe64 (webtiles) character file.

3818 Jyngge the Basher (level 9, -3/78 HPs)
             Began as a Minotaur Fighter on June 24, 2018.
             Splashed by an oklob plant's acid (11 damage)
             ... on level 7 of the Dungeon.
             The game lasted 00:29:29 (7300 turns).

Jyngge the Basher (Minotaur Fighter)                Turns: 7300, Time: 00:29:31

Health: -3/78      AC:  5    Str: 27    XL:     9   Next: 97%
Magic:  8/8        EV: 11    Int:  9    God:
Gold:   292        SH: 13    Dex: 16    Spells: 8/8 levels left

rFire    . . .     SeeInvis .   M - +4 flail of Pistul {freeze, *Contam Int+4 Dex+5 Stlth+}
rCold    . . .     Gourm    .   c - +1 shield
rNeg     . . .     Faith    .   u - +0 scale mail
rPois    .         Spirit   .   (helmet restricted)
rElec    .         Reflect  .   x - +0 cloak
rCorr    .         Harm     .   (no gloves)
MR       .....                  (no boots)
Stlth    +.........             C - amulet of regeneration
HPRegen  0.63/turn              j - +2 ring of dexterity
MPRegen  0.11/turn              m - +2 ring of strength

@: about to teleport, corroded
A: retaliatory headbutt, horns 2
a: no special abilities


You were on level 7 of the Dungeon.
You were not hungry.

You visited 2 branches of the dungeon, and saw 9 of its levels.

You collected 292 gold pieces.

Inventory:

Hand Weapons
 a - a +2 mace of protection
 b - a +3 hunting sling
 w - a +0 war axe
 M - the +4 flail of Pistul (weapon) {freeze, *Contam Int+4 Dex+5 Stlth+}
   (You found it on level 7 of the Dungeon)

   It has been specially enchanted to freeze those struck by it, causing extra
   injury to most foes and up to half again as much damage against particularly
   susceptible opponents.
   It can also slow down cold-blooded creatures.
   It affects your intelligence (+4).
   It affects your dexterity (+5).
   It causes magical contamination when unequipped.
   It makes you more stealthy.
 N - a +2 dire flail
Missiles
 v - 126 stones (quivered)
Armour
 c - a +1 shield (worn)
 u - a +0 scale mail (worn)
 x - a +0 cloak (worn)
Jewellery
 j - a +2 ring of dexterity (left hand)
 l - an uncursed ring of resist corrosion
 m - a +2 ring of strength (right hand)
 t - an uncursed amulet of rage
 B - an uncursed ring of resist corrosion
 C - an amulet of regeneration (around neck)
Wands
 g - a wand of flame (27)
 J - a wand of iceblast (6)
Scrolls
 h - 2 scrolls of teleportation
 i - 2 scrolls of enchant weapon
 k - 2 scrolls of enchant armour
 n - a scroll of random uselessness
 o - a scroll of immolation {unknown}
 r - 4 scrolls of identify
 y - a scroll of blinking {unknown}
 A - a scroll of fear
 D - 2 scrolls of remove curse
 E - 2 scrolls of magic mapping {unknown}
 F - a scroll of noise {unknown}
 G - a scroll of silence {unknown}
 I - 2 scrolls of amnesia {unknown}
Potions
 d - a potion of might
 e - a potion of agility
 p - a potion of haste
 q - a potion of flight {unknown}
 s - 2 potions of heal wounds {unknown}
 z - 2 potions of curing {unknown}
 H - a potion of berserk rage {unknown}
 K - a potion of brilliance {unknown}
Comestibles
 f - 15 rations
 L - 2 chunks of flesh


   Skills:
 + Level 6.6 Fighting
 - Level 3.5(8.0) Axes
 + Level 11.0(11.2) Maces & Flails
 + Level 7.8 Armour
 + Level 4.1 Dodging
 - Level 0.4 Stealth
 + Level 8.5 Shields


You had 8 spell levels left.
You didn't know any spells.

Dungeon Overview and Level Annotations

Branches:
Dungeon (8/15)             Temple (1/1) D:6
   Lair: D:8-11

Altars:
Dithmenos
Elyvilon
Fedhas
Hepliaklqana
Kikubaaqudgha
Makhleb
Nemelex Xobeh
Okawaru
Qazlal
Ru
Sif Muna
Trog
Uskayaw
Vehumet
Wu Jian
Xom
Yredelemnul
Zin

Shops:
D:6 *

Annotations:
D:7 exclusion: oklob plant


Innate Abilities, Weirdness & Mutations

You reflexively headbutt those who attack you in melee.
You have a pair of horns on your head.


Message History

The oklob plant is moderately damaged.
The oklob plant spits acid at you. The splash of acid hits you!
You are splashed with acid!
The acid burns!
You hit the oklob plant but do no damage.
You headbutt the oklob plant, but do no damage.
The oklob plant is moderately damaged.
The oklob plant spits acid at you. The splash of acid hits you!
* * * LOW HITPOINT WARNING * * *
The acid corrodes you!
You are splashed with acid!
The acid burns!
* * * LOW HITPOINT WARNING * * *
As you read the scroll of teleportation, it crumbles to dust.
You feel strangely unstable.
You hit the oklob plant. You freeze the oklob plant.
The oklob plant is heavily damaged.
The oklob plant spits acid at you. The splash of acid hits you!
* * * LOW HITPOINT WARNING * * *
You are splashed with acid!
The acid burns!
You die... ########### ##PPPP..PPPP P

............#PPP.P#PP#.#P#P
............#PP@...PPPPP.P#
............##..#P..#P##P.#P
............#..PPPP.........
..........#PPPPPP..≈≈.≈≈..
#....... #PPPP#..≈≈≈.≈≈≈.
#.....####P.##..≈≈≈≈.≈≈≈≈
#.....'..#P#P..≈≈≈≈≈.≈≈≈≈
#.....#..#PP#P.≈≈≈≈...≈≈≈≈.PP
#.....#..##PP#.≈≈≈≈._.≈≈≈≈.P#


You could see an oklob plant.

Vanquished Creatures
  The ghost of PikkenKukken the Archer, a novice CeHu of Qazlal (D:6)
  The ghost of Hercules1031 the Shield-Bearer, a novice GnFi of Ashenzari (D:4)
  2 trolls (D:7)
  Grinder (D:5)
  2 ice beasts
  3 sky beasts
  A black bear (D:6)
  A phantom (D:4)
  3 centaurs
  An ogre (D:7)
  A big kobold (D:6)
  5 bullfrogs
  2 scorpions (D:4)
  A water moccasin skeleton (D:7)
  A howler monkey (D:5)
  5 wights (D:7)
  4 crimson imps (D:5)
  2 jellies
  Crazy Yiuf (D:2)
  2 orc priests (D:6)
  An orc wizard (D:3)
  3 worker ants
  A worker ant zombie (D:7)
  A howler monkey skeleton (D:4)
  6 adders
  10 gnolls
  3 oozes
  An adder zombie (D:8)
  An adder skeleton (D:6)
  2 worms (D:3)
  4 dart slugs
  2 leopard geckos
  18 orcs
  6 giant cockroaches
  10 goblins
  6 hobgoblins
  23 jackals
  8 kobolds
  3 quokkas
  7 bats
  6 frilled lizards
  A quokka zombie (D:6)
  2 rats (D:2)
  3 plants (D:7)
168 creatures vanquished.

Notes
Turn   | Place    | Note
-------+----------+-------------------------------------------
     0 | D:1      | Jyngge the Minotaur Fighter began the quest for the Orb.
     0 | D:1      | Reached XP level 1. HP: 19/19 MP: 0/0
   183 | D:1      | Reached XP level 2. HP: 27/27 MP: 1/1
   721 | D:1      | Reached XP level 3. HP: 33/33 MP: 2/2
   728 | D:1      | You fall through a shaft!
   841 | D:2      | Found a runed door.
   912 | D:2      | Found a shadowy altar of Dithmenos.
  1376 | D:2      | Reached XP level 4. HP: 31/40 MP: 3/3
  1465 | D:2      | Noticed Crazy Yiuf
  1469 | D:2      | Killed Crazy Yiuf
  1851 | D:3      | Noticed a centaur
  1862 | D:3      | Killed a centaur
  1862 | D:3      | Reached skill level 2 in Maces & Flails
  1862 | D:3      | Reached XP level 5. HP: 27/47 MP: 4/4
  2006 | D:3      | Reached skill level 1 in Dodging
  2145 | D:3      | Reached skill level 3 in Maces & Flails
  2340 | D:3      | Found a sparkling altar of Nemelex Xobeh.
  2539 | D:3      | Reached XP level 6. HP: 53/53 MP: 5/5
  2748 | D:4      | Noticed Hercules1031's ghost (novice GnFi)
  2779 | D:4      | Killed Hercules1031's ghost
  2779 | D:4      | Reached skill level 5 in Maces & Flails
  2779 | D:4      | Reached skill level 5 in Armour
  2779 | D:4      | Reached skill level 5 in Shields
  2779 | D:4      | Reached XP level 7. HP: 58/60 MP: 6/6
  3193 | D:4      | Reached skill level 6 in Maces & Flails
  3547 | D:4      | You fall through a shaft!
  3547 | D:5      | Entered Level 5 of the Dungeon
  3642 | D:6      | Noticed PikkenKukken's ghost (novice CeHu)
  4261 | D:5      | Reached skill level 5 in Fighting
  4283 | D:5      | Reached skill level 7 in Maces & Flails
  4283 | D:5      | Reached XP level 8. HP: 68/68 MP: 7/7
  4517 | D:5      | Found a sparkling altar of Nemelex Xobeh.
  4561 | D:5      | Noticed Grinder
  4573 | D:5      | Killed Grinder
  5261 | D:6      | Reached skill level 8 in Maces & Flails
  5374 | D:6      | Found Voefi's Assorted Antiques.
  5466 | D:6      | Killed PikkenKukken's ghost
  5466 | D:6      | Reached skill level 9 in Maces & Flails
  5466 | D:6      | Reached XP level 9. HP: 66/74 MP: 8/8
  5864 | D:6      | Found a staircase to the Ecumenical Temple.
  5921 | Temple   | Entered the Ecumenical Temple
  6405 | D:7      | Got a jewelled flail
  6418 | D:7      | Identified the +4 flail of Pistul {freeze, *Contam Int+4 Dex+5 Stlth+} (You found it on level 7 of the Dungeon)
  6603 | D:7      | Reached skill level 10 in Maces & Flails
  6935 | D:7      | Noticed a troll
  6949 | D:7      | Killed a troll
  7145 | D:7      | Noticed a troll
  7154 | D:7      | Killed a troll
  7154 | D:7      | Reached skill level 11 in Maces & Flails
  7206 | D:7      | Found a white marble altar of Elyvilon.
  7241 | D:7      | Found a blossoming altar of Fedhas.
  7258 | D:7      | Noticed an oklob plant
  7300 | D:7      | Splashed by an oklob plant's acid

Skill      XL: |  1  2  3  4  5  6  7  8  9 |
---------------+----------------------------+-----
Armour         | 4 5 7 |  7.8
Shields        | 4 5 7 8 |  8.5
Fighting       | 4 5 6 |  6.6
Axes           | 3 |  3.5
Maces & Flails | 2 3 5 7 9 11 | 11.0
Dodging        | 1 2 3 4 |  4.1
Stealth        | |  0.4

Action                   |  1- 3 |  4- 6 |  7- 9 || total
-------------------------+-------+-------+-------++-------
Melee: War axe           |    83 |     3 |       ||    86
       Headbutt          |    13 |    18 |    78 ||   109
       Mace              |       |    70 |   260 ||   330
       Flail             |       |       |   101 ||   101
 Fire: Hunting sling     |     3 |       |       ||     3
  Use: Scroll            |       |     7 |     3 ||    10
       Potion            |       |     2 |     2 ||     4
  Eat: Chunk             |     2 |     4 |    11 ||    17
       Ration            |       |       |     1 ||     1
Armor: Scale mail        |    37 |    31 |   148 ||   216
Dodge: Dodged            |    22 |    19 |   112 ||   153
Block: Shield            |    37 |    39 |   201 ||   277
